 Dungeon Crawl Stone Soup version 0.31-a0-983-g7b6862f502 (webtiles) character file.

Game seed: 7465419850892142594

94 Xavori the Trooper (level 4, -3/35 HPs)
             Began as a Djinni Chaos Knight on Nov 2, 2023.
             Was a Plaything of Xom.
             Frozen to death by an endoplasm (7 damage)
             ... on level 3 of the Dungeon.
             The game lasted 00:01:48 (6264 turns).

Xavori the Trooper (Djinni Chaos Knight)            Turns: 6264, Time: 00:01:50

Health: -3/35      AC:  9    Str: 11    XL:     4   Next: 94%
Gold:   98         EV: 13    Int: 13    God:    Xom [*.....] SH:  0 Dex: 15

rFire   + + +        a - +0 falchion (chaos)
rCold   x . .        (no shield)
rNeg    . . .        b - +2 leather armour
rPois   ∞            (helmet restricted)
rElec   .            (no cloak)
rCorr   .            (no gloves)
SInv    .            (boots unavailable)
Will    .....        (no amulet)
Stlth   +            e - +4 ring of protection
HPRegen 0.25/turn    g - ring of protection from fire
MPRegen 0.00/turn

%: clarity, infuse magic (-4 HP)
@: flying
A: sickness immunity, fire resistance 2, cold vulnerability 1, float, innate
caster, HP casting, extra vitality 1, horns 1, clarity, evolution 1, MP-powered
wands, sturdy frame 1
a: Renounce Religion


You were on level 3 of the Dungeon.
You worshipped Xom.
You were a special plaything of Xom.
You visited 1 branch of the dungeon, and saw 6 of its levels.

You collected 98 gold pieces.

Inventory:

Hand Weapons
 a - a +0 falchion of chaos (weapon)
Armour
 b - a +2 leather armour (worn)
 i - a +0 helmet
Jewellery
 e - a +4 ring of protection (left hand)
 g - a ring of protection from fire (right hand)
 h - a ring of see invisible
Scrolls
 c - a scroll of butterflies
 f - a scroll of enchant armour {unknown}
 j - a scroll of fear {unknown}
 l - a scroll of blinking {unknown}
 m - 6 scrolls of identify {unknown}
 n - a scroll of enchant weapon {unknown}
Potions
 d - 3 potions of curing {unknown}
 k - a potion of magic {unknown}


   Skills:
 + Level 3.4 Fighting
 + Level 3.1 Long Blades
 + Level 1.9 Armour
 + Level 2.9 Dodging
 * Level 1.3 Spellcasting
 * Level 1.3 Conjurations
 * Level 1.3 Hexes
   Level 0.0 Charms
 * Level 1.3 Summonings
 * Level 1.3 Necromancy
 * Level 1.3 Translocations
 * Level 1.3 Transmutations
 * Level 1.3 Fire Magic
 * Level 1.3 Ice Magic
 * Level 1.3 Air Magic
 * Level 1.3 Earth Magic
 * Level 1.3 Poison Magic


You knew the following spells:

 Your Spells              Type           Power      Damage    Failure   Level
a - Sting                 Tmut/Pois      16%        1d3       17%         1
Your spell library was empty.

Dungeon Overview and Level Annotations

Branches:
Dungeon (6/15)
 Temple: D:4-7

Altars:
Xom


Innate Abilities, Weirdness & Mutations

You are immune to sickness and miasma.
You are immune to poison.
Your flesh is very heat resistant. (rF++)
You are vulnerable to cold. (rC-)
You float through the air rather than walking.
You learn spells naturally, not from books.
Your magical power is your life essence.
You have superior vitality. (+4 MHP)
You have a pair of small horns on your head.
You possess an exceptional clarity of mind.
You have hidden genetic potential.
You expend health (3 HP) to strengthen your wands.
Your movements are slightly less encumbered by armour. (ER -2)


Message History

The orc wizard gestures at you while chanting.
The puff of flame hits you but does no damage.
You resist. The orc hits you but does no damage.
An endoplasm comes into view.
The orc hits you with a +0 hand axe.
You closely miss the orc.
The orc is lightly wounded.
The orc wizard hits you but does no damage.
The orc hits you with a +0 hand axe. x2; The orc wizard misses you.
You barely miss the orc.
The orc is lightly wounded.
The orc wizard hits you but does no damage.
The orc hits you but does no damage. The orc hits you with a +0 hand axe.
Unknown command.
You hit the orc.
The orc is severely wounded.
The orc wizard hits you but does no damage.
The orc misses you. The orc hits you with a +0 hand axe.
The endoplasm freezes you.
You are frozen.
You feel a terrible chill!
The orc wizard hits you but does no damage.
You barely miss the orc.
The orc is severely wounded.
The orc wizard barely misses you.
The endoplasm hits you but does no damage.
The orc completely misses you. The orc hits you but does no damage.
The orc wizard hits you but does no damage.
You hit the orc but do no damage. Your headbutt misses the orc.
The orc is severely wounded.
The orc wizard hits you with a +0 dagger.
* * * LOW HITPOINT WARNING * * *
The endoplasm barely misses you. The orc hits you but does no damage.
The orc closely misses you. The orc wizard closely misses you.
The orc completely misses you. The orc hits you with a +0 hand axe.
* * * LOW HITPOINT WARNING * * *
The endoplasm freezes you.
You are frozen!
You feel a terrible chill!
Xom roars with laughter!
You die...
Xom thinks this is hilarious!

#.......#......
#######........
#.###.... # #.# #####
#! ##.## #.## #...#
... #...# #.#o#####
#...# #..o@o..# #...#
#..J)##.####..?######
#.#..##.>...........#
# #..................
.....##.............#
.....##.##.#...#.####
........##.#...#.#
......#####.#...#.# .
## #.#...#.# ##


You could see an orc wizard (fast), 2 orcs and an endoplasm.

Vanquished Creatures
  Natasha (D:2)
  Robin (D:2)
  An orc (D:3)
  2 bats
  6 endoplasms
  2 giant cockroaches
  4 hobgoblins
  5 quokkas
  6 ball pythons
  2 frilled lizards (D:1)
  15 goblins
  A kobold (D:2)
  5 rats (D:1)
51 creatures vanquished.

Notes
Turn   | Place    | Note
-------+----------+-------------------------------------------
     0 | D:1      | Xavori the Djinni Chaos Knight began the quest for the Orb.
     0 | D:1      | Reached XP level 1. HP: 20/20 MP: 0/0
   117 | D:1      | Reached XP level 2. HP: 15/25 MP: 0/0
   418 | D:1      | Reached XP level 3. HP: 30/30 MP: 0/0
   418 | D:1      | Learned a level 1 spell: Sting
  1943 | D:1      | XOM: scenery: create altars
  2135 | D:1      | XOM: silly message
  2319 | D:1      | XOM: god gift: agate ring {god gift}
  2903 | D:1      | XOM: noise
  3312 | D:1      | XOM: noise
  3313 | D:1      | XOM: summons 3 hostile shadow creatures
  3367 | D:2      | XOM: cloud trail
  3379 | D:2      | XOM: noise
  3459 | D:1      | XOM: god gift: Maxwell's Memoranda
  5148 | D:1      | XOM: give mutations
  5148 | D:1      | Gained mutation: You expend health (3 HP) to strengthen
                  | your wands. [Xom's grace]
  5148 | D:1      | Gained mutation: You have a pair of small horns on your
                  | head. [Xom's grace]
  5148 | D:1      | Gained mutation: Your movements are slightly less
                  | encumbered by armour. (ER -2) [Xom's grace]
  5148 | D:1      | Gained mutation: You have hidden genetic potential. [Xom's
                  | grace]
  5206 | D:2      | Reached skill level 1 in Spellcasting
  5206 | D:2      | Reached skill level 1 in Conjurations
  5206 | D:2      | Reached skill level 1 in Hexes
  5206 | D:2      | Reached skill level 1 in Summonings
  5206 | D:2      | Reached skill level 1 in Necromancy
  5206 | D:2      | Reached skill level 1 in Translocations
  5206 | D:2      | Reached skill level 1 in Transmutations
  5206 | D:2      | Reached skill level 1 in Fire Magic
  5206 | D:2      | Reached skill level 1 in Ice Magic
  5206 | D:2      | Reached skill level 1 in Air Magic
  5206 | D:2      | Reached skill level 1 in Earth Magic
  5206 | D:2      | Reached skill level 1 in Poison Magic
  5228 | D:2      | Noticed Robin
  5232 | D:2      | XOM: 2-stop teleportation journey
  5344 | D:2      | Killed Robin
  5345 | D:2      | Reached XP level 4. HP: 22/35 MP: 0/0
  5367 | D:2      | Gained mutation: You possess an exceptional clarity of
                  | mind. [hidden potential]
  5628 | D:2      | Noticed Natasha
  5635 | D:2      | Killed Natasha
  6142 | D:3      | You are sucked into a shaft and drop 3 floors!
  6150 | D:6      | Noticed a scorpion
  6180 | D:5      | Entered Level 5 of the Dungeon
  6180 | D:5      | Identified the staff of the Chewing Gnat {Contam Fly rElec
                  | rC+ rN++ Air} (Xom gifted it to you on level 5 of the
                  | Dungeon)
  6180 | D:5      | XOM: god gift: staff of the Chewing Gnat {Contam Fly rElec
                  | rC+ rN++ Air}
  6226 | D:3      | XOM: silly message
  6264 | D:3      | Frozen to death by an endoplasm

Illustrated notes

Levels and vault maps discovered:
D:1:      minmay_arrival_four_loops, layout_basic, nrook_campfire
D:2:      layout_basic, uniq_natasha, uniq_robin
D:3:      layout_loops_cross
D:4:      layout_gridville, kennysheep_small_square
D:5:      layout_rooms, grunt_temple_overflow_lords_of_destruction,
          grunt_dithmenos_shadows, nicolae_overflow_crystal_walls
D:6:      layout_basic, nicolae_figureground_sparkle

Skill      XL: |  1  2  3 |
---------------+----------+-----
Long Blades    | 3 |  3.1
Spellcasting   | 1 |  1.3
Conjurations   | 1 |  1.3
Hexes          | 1 |  1.3
Summonings     | 1 |  1.3
Necromancy     | 1 |  1.3
Translocations | 1 |  1.3
Transmutations | 1 |  1.3
Fire Magic     | 1 |  1.3
Ice Magic      | 1 |  1.3
Air Magic      | 1 |  1.3
Earth Magic    | 1 |  1.3
Poison Magic   | 1 |  1.3
Fighting       | |  3.4
Armour         | |  1.9
Dodging        | |  2.9

Action                     |  1- 3 |  4- 6 || total
---------------------------+-------+-------++-------
  Melee: Falchion          |    83 |    35 ||   118
         Punch             |     1 |       ||     1
         Headbutt          |     1 |     3 ||     4
    Use: Scroll            |       |     1 ||     1
   Stab: Sleeping          |     1 |       ||     1
 Armour: Leather armour    |    42 |    29 ||    71
  Dodge: Dodged            |    48 |    30 ||    78

Table legend: (Time is in decaauts)
 A = Elapsed time spent in this place.
 B = Non-inter-level travel time spent in this place.
 C = Inter-level travel time spent in this place.
 D = Time resting spent in this place.
 E = Time spent auto-exploring this place.
 F = Levels seen in this place.
 G = Mean time per level.
                   A        B        C        D        E       F      G
               +--------+--------+--------+--------+--------+-----+--------+
         Total |   6282 |   6235 |     47 |   4372 |   1524 |   6 | 1047.0 |
       Dungeon |   6282 |   6235 |     47 |   4372 |   1524 |   6 | 1047.0 |
               +--------+--------+--------+--------+--------+-----+--------+

Top non-repeatable levels by time:
     D:1: 5075 daAuts
     D:2: 865 daAuts
     D:3: 291 daAuts
     D:6: 37 daAuts
     D:5: 8 daAuts
     D:4: 3 daAuts
